[Event "Titled Tuesday Blitz February 14 Late 2023"]
[White "Gasparyan, David"]
[Black "Predke, Alexandr"]
[WhiteFideId "13311980"]
[BlackFideId "24107581"]
[WhiteElo "2142"]
[BlackElo "2685"]
[Result "0-1"]
[Round "01"]
[TimeControl "180+2"]
[Date "2023.02.14"]
[WhiteClock "0:00:01"]
[BlackClock "0:00:19"]

1. e4 c5 2. Nf3 e6 3. d4 cxd4 4. Nxd4 Nc6 5. Nc3 Qc7 6. Ndb5 Qb8 7. a4 Nf6 8. Bd3 a6 9. Na3 Bd6 10. Bg5 Ne5 11. Nc4 Nxc4 12. Bxc4 Be5 13. Qd3 O-O 14. Ne2 b5 15. Bb3 Bb7 16. Bxf6 Bxf6 17. O-O Bc6 18. f4 Bxb2 19. Rab1 Ba3 20. Kh1 Bc5 21. f5 Qe5 22. Ng3 Kh8 23. Rbe1 bxa4 24. Bc4 a3 25. Nh5 g6 26. fxg6 fxg6 27. Ng3 Bf2 28. Re2 Bxg3 29. Re3 Bxh2 30. Rh3 Rxf1+ 31. Qxf1 Bf4 32. Rf3 Rf8 33. Qb1 Bxe4 34. Rh3 Qg5 35. Bf1 Be5 36. Qb3 0-1


[Site "https://www.chess.com"]

[Event "Titled Tuesday Blitz February 14 Late 2023"]
[White "Gharibyan, Mamikon"]
[Black "Pein, Jonathan"]
[WhiteFideId "13308300"]
[BlackFideId "417092"]
[WhiteElo "2500"]
[BlackElo "2265"]
[Result "1/2-1/2"]
[Round "01"]
[TimeControl "180+2"]
[Date "2023.02.14"]
[WhiteClock "0:00:06"]
[BlackClock "0:00:16"]

1. e4 e5 2. Nf3 d6 3. d4 exd4 4. Nxd4 Nf6 5. Nc3 g6 6. Bg5 Bg7 7. Qd2 h6 8. Bf4 Nc6 9. Bb5 Bd7 10. Bxc6 bxc6 11. O-O g5 12. Bg3 Nh5 13. Rae1 O-O 14. Nd1 c5 15. Nf5 Bxf5 16. exf5 Nxg3 17. hxg3 Qf6 18. Ne3 c6 19. c3 d5 20. Qc2 Rfd8 21. Ng4 Qd6 22. f6 Bf8 23. Qf5 d4 24. Re7 Qd5 25. Re5 Qd7 26. Qf3 d3 27. c4 d2 28. Rd1 Qd3 29. Qxd3 Rxd3 30. Re2 Rad8 31. Ne3 Kh7 32. Nf1 Kg6 33. Rdxd2 Kxf6 34. Rxd3 Rxd3 35. b3 Bd6 36. g4 Rd1 37. g3 Be5 38. Kg2 Bd4 39. Nh2 a5 40. Nf3 a4 41. Re8 Ra1 42. Rc8 Rxa2 43. Rxc6+ Kg7 44. Nxd4 cxd4 45. bxa4 Rxa4 46. c5 d3 47. Rd6 Rc4 48. Rxd3 Rxc5 49. Re3 Rc4 50. Kh3 Kg6 51. Re2 Rc6 52. Kg2 Rf6 53. f3 Rc6 54. Kf2 Rc3 55. Kg2 Rd3 56. Kf2 Rc3 57. Kg2 1/2-1/2


[Site "https://www.chess.com"]

[Event "Titled Tuesday Blitz February 14 Late 2023"]
[White "Pasti, Aron"]
[Black "Makarian, Rudik"]
[WhiteFideId "785857"]
[BlackFideId "44105681"]
[WhiteElo "2361"]
[BlackElo "2545"]
[Result "1/2-1/2"]
[Round "01"]
[TimeControl "180+2"]
[Date "2023.02.14"]
[WhiteClock "0:00:09"]
[BlackClock "0:00:14"]

1. e4 c5 2. Nf3 Nc6 3. d4 cxd4 4. Nxd4 e6 5. Nc3 Qc7 6. Be3 a6 7. g4 h6 8. f4 b5 9. Bg2 Bb7 10. Qd2 Nf6 11. g5 Ng4 12. Bg1 hxg5 13. fxg5 Nxd4 14. Bxd4 Bc5 15. O-O-O Rc8 16. Bxc5 Qxc5 17. Qxd7+ Kf8 18. Qxb7 b4 19. Rhf1 Ne5 20. Rd7 Nxd7 21. Qxd7 Kg8 22. Qxf7+ Kh7 23. Qh5+ Kg8 24. Qf7+ Kh7 25. g6+ Kh6 26. Qf4+ Qg5 27. Ne2 Rcf8 28. Qxg5+ Kxg5 29. Rxf8 Rxf8 30. Ng3 Rf2 31. Bf1 Rxh2 32. Bxa6 Kf4 33. Nf1 Rf2 34. a4 bxa3 35. bxa3 Kxe4 36. Bd3+ Kd4 37. a4 Kc3 38. a5 Rf4 39. Ne3 Ra4 40. Nd1+ Kd4 41. a6 e5 42. Kd2 e4 43. Be2 Ra3 44. Nb2 e3+ 45. Ke1 Ra1+ 46. Nd1 Ra2 47. Bd3 Ra5 48. Ke2 Rg5 49. Nxe3 Re5 50. Kd2 Ra5 51. Nd1 Ra3 52. Nb2 Ra5 53. c3+ Kc5 54. Kc2 Ra3 55. Nd1 Ra2+ 56. Kb3 Ra1 57. Nb2 Ra5 58. Na4+ Kc6 59. Kb4 Re5 60. Bc4 Kc7 61. Bb5 Re4+ 62. c4 Re1 63. Ka5 Kb8 64. Kb6 Re7 65. Bc6 Rb7+ 66. Kc5 Rb1 67. Bb5 Ka7 68. Nc3 Rg1 69. Be8 Kxa6 70. Bf7 Kb7 71. Ne4 Kc7 72. Kd5 Re1 73. c5 Kd7 74. Nd6 Rd1+ 75. Ke5 Re1+ 76. Kf5 Rf1+ 77. Ke4 Re1+ 78. Kd3 Rd1+ 79. Kc2 Rxd6 80. cxd6 Kxd6 81. Kd3 Ke7 82. Ke4 Kf8 83. Ke5 Ke7 84. Be6 Kf8 85. Kd6 Ke8 86. Bd5 Kf8 87. Ke6 Ke8 88. Ke5 Kf8 89. Bf7 Ke7 90. Kd5 Kf8 91. Ke6 1/2-1/2


[Site "https://www.chess.com"]

[Event "Titled Tuesday Blitz February 14 Late 2023"]
[White "Urazayev, Arystanbek"]
[Black "Baches Garcia, Guillermo"]
[WhiteFideId "13709810"]
[BlackFideId "2209764"]
[WhiteElo "2460"]
[BlackElo "2327"]
[Result "0-1"]
[Round "01"]
[TimeControl "180+2"]
[Date "2023.02.14"]
[WhiteClock "0:01:09"]
[BlackClock "0:00:39"]

1. e4 c5 2. Nf3 d6 3. d4 cxd4 4. Nxd4 Nf6 5. Nc3 Nc6 6. Bg5 e6 7. Qd2 h6 8. Nxc6 bxc6 9. Bf4 e5 10. Bg3 Nh5 11. Bc4 Be7 12. O-O O-O 13. Rad1 Be6 14. Bxe6 fxe6 15. Qe2 Nxg3 16. hxg3 Rb8 17. Na4 Qe8 18. c4 d5 19. b3 d4 20. Nb2 c5 21. Nd3 Bd6 22. Qg4 Rf6 23. f4 Rg6 24. Qf3 exf4 25. gxf4 e5 26. fxe5 Bxe5 27. Qf5 Rg5 28. Qf3 Bg3 29. e5 Bxe5 30. Rde1 Kh8 31. Qd5 Bh2+ 32. Kh1 Qh5 33. Qf3 Bg3+ 34. Kg1 Qh2# 0-1


[Site "https://www.chess.com"]

[Event "Titled Tuesday Blitz February 14 Late 2023"]
[White "Hajiyev, Kanan"]
[Black "Kravtsiv, Martyn"]
[WhiteFideId "13404148"]
[BlackFideId "14113147"]
[WhiteElo "2197"]
[BlackElo "2598"]
[Result "1-0"]
[Round "01"]
[TimeControl "180+2"]
[Date "2023.02.14"]
[WhiteClock "0:00:05"]
[BlackClock "0:00:02"]

1. d4 d5 2. c4 e6 3. cxd5 exd5 4. Nc3 c6 5. Qc2 g6 6. Bf4 Bf5 7. Qd2 Nf6 8. e3 Bd6 9. Bxd6 Qxd6 10. Nf3 O-O 11. Bd3 Bxd3 12. Qxd3 Nbd7 13. O-O Rfe8 14. Rab1 a5 15. Qc2 b5 16. Rbc1 a4 17. Ne2 Rec8 18. Nf4 Ne4 19. Nd2 Ng5 20. Qd1 Nb6 21. Qg4 Qe7 22. Rc2 Nc4 23. Rfc1 Rd8 24. h4 Ne4 25. Nxe4 Qxe4 26. Qg5 Re8 27. Nh5 Qe6 28. Nf6+ Kg7 29. Nxe8+ Rxe8 30. b3 axb3 31. axb3 Na5 32. h5 Rc8 33. h6+ Kf8 34. b4 Nc4 35. Ra1 Qe7 36. Qg4 Re8 37. Rca2 Qxb4 38. Ra7 Qd6 39. Rd7 Qe6 40. Qxe6 Rxe6 41. Raa7 Nd6 42. Rac7 b4 43. Rxc6 g5 44. Rdxd6 1-0


[Site "https://www.chess.com"]

[Event "Titled Tuesday Blitz February 14 Late 2023"]
[White "Mikaelyan, Arman"]
[Black "benny_aizenberg"]
[WhiteFideId "13304852"]
[WhiteElo "2523"]
[BlackElo "2558"]
[Result "0-1"]
[Round "01"]
[TimeControl "180+2"]
[Date "2023.02.14"]
[WhiteClock "0:00:04"]
[BlackClock "0:00:11"]

1. a3 b5 2. e4 Bb7 3. Bxb5 Bxe4 4. Nf3 Nf6 5. O-O g6 6. Re1 Bg7 7. c4 O-O 8. Nc3 Bb7 9. d4 e6 10. Bf4 a6 11. Ba4 d5 12. c5 a5 13. b4 axb4 14. axb4 Ne4 15. Nxe4 dxe4 16. Ne5 Qd5 17. Bc2 e3 18. f3 e2 19. Rxe2 Nc6 20. Rxa8 Bxa8 21. Nxc6 Bxc6 22. Be3 Qc4 23. Qd2 Rb8 24. h3 Qxb4 25. Be4 Bxe4 26. fxe4 Qb1+ 27. Kh2 Qxe4 28. Bf2 Qd5 29. Qf4 Rb7 30. Rc2 c6 31. Qd6 h6 32. Be3 Rd7 33. Qb8+ Kh7 34. Rd2 Qe4 35. Qg3 Bxd4 36. Bxd4 Rxd4 37. Rf2 Rd7 38. Qb8 Qd4 39. Qc8 Qxf2 40. Qxd7 Qf4+ 41. Kh1 Qf1+ 42. Kh2 Qf4+ 43. Kh1 e5 44. Qxc6 e4 45. Qd6 Qf1+ 46. Kh2 e3 47. c6 e2 48. Qd5 e1=Q 49. Qxf7+ Qxf7 0-1


[Site "https://www.chess.com"]

[Event "Titled Tuesday Blitz February 14 Late 2023"]
[White "Kochetov, Andrey"]
[Black "Kozak, Adam"]
[WhiteFideId "24130532"]
[BlackFideId "753246"]
[WhiteElo "2165"]
[BlackElo "2572"]
[Result "0-1"]
[Round "01"]
[TimeControl "180+2"]
[Date "2023.02.14"]
[WhiteClock "0:00:11"]
[BlackClock "0:00:58"]

1. e4 b5 2. Bxb5 Bb7 3. Nc3 f5 4. exf5 Bxg2 5. Qh5+ g6 6. fxg6 Bg7 7. gxh7+ Kf8 8. hxg8=Q+ Kxg8 9. Qg5 Bxh1 10. Bc4+ Kf8 11. f3 Nc6 12. Qf5+ Bf6 13. d4 Qe8 14. Qg4 Qh5 15. Qxd7 Nxd4 16. Bd3 Qh4+ 17. Kd1 Qxh2 18. Be3 Nxf3 19. Qd5 Nxg1 0-1


[Site "https://www.chess.com"]

[Event "Titled Tuesday Blitz February 14 Late 2023"]
[White "Melkumyan, Hrant"]
[Black "Kavutskiy, Konstantin"]
[WhiteFideId "13302485"]
[BlackFideId "2026384"]
[WhiteElo "2645"]
[BlackElo "2414"]
[Result "1-0"]
[Round "01"]
[TimeControl "180+2"]
[Date "2023.02.14"]
[WhiteClock "0:01:50"]
[BlackClock "0:00:14"]

1. Nf3 Nf6 2. c4 g6 3. Nc3 Bg7 4. e4 d6 5. d4 O-O 6. Be2 e5 7. O-O h6 8. Re1 Nbd7 9. Rb1 a5 10. b3 b6 11. dxe5 dxe5 12. Ba3 Re8 13. Qc2 Bf8 14. Bb2 Bc5 15. Rbd1 Qe7 16. Nb5 Ng4 17. Rf1 Ndf6 18. h3 c6 19. hxg4 cxb5 20. Nxe5 Bb7 21. cxb5 Nxe4 22. Bc4 Kh7 23. Rd7 1-0


[Site "https://www.chess.com"]

[Event "Titled Tuesday Blitz February 14 Late 2023"]
[White "Koutlas, Nikolaos"]
[Black "Madaminov, Mukhiddin"]
[WhiteFideId "25827138"]
[BlackFideId "14210703"]
[WhiteElo "2341"]
[BlackElo "2422"]
[Result "0-1"]
[Round "01"]
[TimeControl "180+2"]
[Date "2023.02.14"]
[WhiteClock "0:00:03"]
[BlackClock "0:00:10"]

1. c4 g6 2. Nc3 c5 3. g3 Bg7 4. Bg2 Nc6 5. Nf3 e6 6. O-O Nge7 7. e3 O-O 8. d4 cxd4 9. Nxd4 a6 10. b3 Nxd4 11. exd4 d5 12. cxd5 Nxd5 13. Nxd5 exd5 14. Re1 Be6 15. Be3 Qa5 16. a3 Rac8 17. b4 Qc7 18. Rc1 Qd7 19. Qd3 Rc4 20. h3 Bf5 21. Qf1 Rfc8 22. g4 Bc2 23. Qe2 Ba4 24. Qf3 Bc6 25. Rxc4 dxc4 26. d5 Ba4 27. Bc5 Re8 28. Rc1 c3 29. Rxc3 Bxc3 30. Qxc3 b6 31. Bxb6 Qd6 32. Bc5 Qe5 33. Qxe5 Rxe5 34. f4 Re2 35. Bf3 Rd2 36. Kf1 Bb5+ 37. Ke1 Rd3 38. Be2 Rxd5 39. Bxb5 axb5 40. Ke2 f5 41. g5 Kf7 42. h4 Ke6 43. Ke3 Rd8 44. Bd4 Kd5 45. Be5 Ra8 46. Kd3 Rxa3+ 47. Bc3 Rb3 0-1


[Site "https://www.chess.com"]

[Event "Titled Tuesday Blitz February 14 Late 2023"]
[White "Ibarra Jerez, Jose Carlos"]
[Black "Sivakumar, Shaaketh"]
[WhiteFideId "2226332"]
[BlackFideId "30940176"]
[WhiteElo "2563"]
[BlackElo "2337"]
[Result "1-0"]
[Round "01"]
[TimeControl "180+2"]
[Date "2023.02.14"]
[WhiteClock "0:01:45"]
[BlackClock "0:00:07"]

1. e4 e6 2. d4 d5 3. Nc3 Bb4 4. e5 Ne7 5. Qg4 c5 6. dxc5 Qa5 7. Bd2 O-O 8. Nf3 Nbc6 9. Bd3 f5 10. exf6 Rxf6 11. Qh5 Nf5 12. g4 d4 13. Ne4 Bxd2+ 14. Nfxd2 Rf7 15. gxf5 exf5 16. Bc4 Ne5 1-0


[Site "https://www.chess.com"]

[Event "Titled Tuesday Blitz February 14 Late 2023"]
[White "reevecanada"]
[Black "Paichadze, Luka"]
[BlackFideId "13602934"]
[WhiteElo "2466"]
[BlackElo "2515"]
[Result "0-1"]
[Round "01"]
[TimeControl "180+2"]
[Date "2023.02.14"]
[WhiteClock "0:01:48"]
[BlackClock "0:01:48"]

1. e4 c6 2. c4 d5 3. cxd5 cxd5 4. exd5 Nf6 5. Nc3 g6 6. Nf3 Bg7 7. Bb5+ Nbd7 8. d6 exd6 9. Qe2+ Qe7 10. Qxe7+ Kxe7 11. O-O Nb6 12. d4 h6 13. Bf4 Be6 14. Rad1 Rac8 15. Rfe1 Nfd5 16. Bg3 Rxc3 17. bxc3 Nxc3 18. Rxe6+ fxe6 19. Rc1 Nxb5 20. a4 Nxd4 21. Rc7+ Nd7 22. Nd2 Rb8 23. Kf1 e5 24. a5 Ne6 25. Rc2 Ndc5 0-1


[Site "https://www.chess.com"]

[Event "Titled Tuesday Blitz February 14 Late 2023"]
[White "Kamsky, Gata"]
[Black "Taboas Rodriguez, Daniel"]
[WhiteFideId "2000024"]
[BlackFideId "2208466"]
[WhiteElo "2665"]
[BlackElo "2371"]
[Result "1-0"]
[Round "01"]
[TimeControl "180+2"]
[Date "2023.02.14"]
[WhiteClock "0:00:11"]
[BlackClock "0:00:01"]

1. e4 e5 2. Nf3 Nc6 3. Bb5 Nf6 4. O-O Nxe4 5. d4 Nd6 6. Bxc6 dxc6 7. dxe5 Nf5 8. Qxd8+ Kxd8 9. Rd1+ Ke8 10. Nc3 b6 11. Bf4 Ne7 12. h3 Ng6 13. Bh2 Bb4 14. Ne2 h6 15. Ned4 Bd7 16. e6 fxe6 17. Bxc7 Rf8 18. Ne5 Nxe5 19. Bxe5 Rf7 20. c4 Be7 21. a4 Bf6 22. Re1 Ke7 23. b3 c5 24. Nb5 a6 25. Bd6+ Kd8 26. Bc7+ Kc8 27. Nd6+ Kxc7 28. Nxf7 Bxa1 29. Rxa1 Rf8 30. Ne5 Rf5 31. Re1 Be8 32. g4 Rf4 33. Kg2 Rd4 34. Kg3 b5 35. axb5 axb5 36. f4 Rd2 37. h4 Rb2 38. Re3 Kb6 39. h5 Ka5 40. cxb5 Bxb5 41. Nf7 Kb4 42. Nd8 Bd7 43. Nxe6 Bxe6 44. Rxe6 Rxb3+ 45. Kf2 c4 46. Rb6+ Kc5 47. Rg6 c3 48. Rxg7 Kd4 49. Rc7 1-0


[Site "https://www.chess.com"]

[Event "Titled Tuesday Blitz February 14 Late 2023"]
[White "Khandelwal, Ankush"]
[Black "Kobo, Ori"]
[WhiteFideId "413470"]
[BlackFideId "2812320"]
[WhiteElo "2205"]
[BlackElo "2559"]
[Result "1/2-1/2"]
[Round "01"]
[TimeControl "180+2"]
[Date "2023.02.14"]
[WhiteClock "0:00:10"]
[BlackClock "0:00:07"]

1. d4 Nf6 2. Nc3 g6 3. e4 d6 4. Nf3 Bg7 5. Bc4 O-O 6. Qe2 Bg4 7. e5 dxe5 8. dxe5 Nfd7 9. e6 Ne5 10. exf7+ Kh8 11. Bf4 Nbc6 12. Rd1 Qc8 13. Bd5 Qf5 14. Bg3 e6 15. Be4 Qh5 16. Bxc6 Nxc6 17. Rd7 Nd4 18. Qd3 Bxf3 19. gxf3 Nxf3+ 20. Kf1 Ne5 21. Bxe5 Qxe5 22. h4 Qh5 23. Ne4 h6 24. Ng3 Qg4 25. h5 g5 26. Kg2 Qf4 27. Qg6 g4 28. Rhd1 Qf3+ 29. Kg1 Qf4 30. Qxe6 Qg5 31. Rxc7 Rad8 32. Rxd8 Rxd8 33. Rc8 Bf8 34. Qe8 Rxc8 35. Qxc8 Kg7 36. Qe6 Qc1+ 37. Kg2 Qf4 38. Nf5+ Kh8 39. Qg6 Qf3+ 40. Kg1 Qd1+ 41. Kh2 g3+ 42. fxg3 Qe2+ 43. Kh3 Qf1+ 44. Kg4 Qe2+ 45. Kh4 Qh2+ 46. Kg4 Qe2+ 47. Kf4 Qf2+ 48. Kg4 Qe2+ 1/2-1/2


[Site "https://www.chess.com"]

[Event "Titled Tuesday Blitz February 14 Late 2023"]
[White "Gorodetzky, David"]
[Black "Remolar Gallen, Jose"]
[WhiteFideId "2813416"]
[BlackFideId "2215187"]
[WhiteElo "2485"]
[BlackElo "2285"]
[Result "1-0"]
[Round "01"]
[TimeControl "180+2"]
[Date "2023.02.14"]
[WhiteClock "0:02:32"]
[BlackClock "0:01:57"]

1. c4 Nf6 2. Nf3 g6 3. g3 Bg7 4. Bg2 O-O 5. O-O c5 6. Nc3 Nc6 7. d4 cxd4 8. Nxd4 d6 9. Nxc6 bxc6 10. Bxc6 Bh3 11. Bg2 Bxg2 12. Kxg2 Rc8 13. Qd3 Nd7 14. b3 Ne5 15. Qd2 Qa5 16. Bb2 Rfd8 17. Rfd1 e6 18. Ne4 d5 19. Qxa5 1-0


[Site "https://www.chess.com"]

[Event "Titled Tuesday Blitz February 14 Late 2023"]
[White "Gurevich, Dmitry"]
[Black "Remizov, Yaroslav"]
[WhiteFideId "2000407"]
[BlackFideId "34134015"]
[WhiteElo "2393"]
[BlackElo "2421"]
[Result "0-1"]
[Round "01"]
[TimeControl "180+2"]
[Date "2023.02.14"]
[WhiteClock "0:00:18"]
[BlackClock "0:01:12"]

1. Nf3 d5 2. c4 d4 3. g3 g6 4. Bg2 Bg7 5. O-O Nf6 6. b4 O-O 7. d3 a5 8. b5 c5 9. a4 Ra7 10. Ra2 b6 11. e3 dxe3 12. Bxe3 Bf5 13. Rd2 Ng4 14. Bf4 e5 15. Bg5 f6 16. Be3 Rd7 17. Ne1 h5 18. Nc3 Rd6 19. Bd5+ Kh7 20. Ne4 Rxd5 21. cxd5 Qxd5 22. Nc3 Qe6 23. Qf3 Rd8 24. Ne4 Nd7 25. Ng2 Nxh2 26. Kxh2 Bg4 27. Ng5+ fxg5 28. Qc6 Nf6 29. Bxg5 Rd6 30. Qc7 Bf3 31. Bxf6 Qxf6 32. Re1 e4 33. Nh4 Rxd3 34. Rxd3 exd3 35. Qd7 c4 36. Re7 Bg4 37. Qc7 d2 0-1


[Site "https://www.chess.com"]

[Event "Titled Tuesday Blitz February 14 Late 2023"]
[White "Samsonkin, Artiom"]
[Black "dodoucb"]
[WhiteFideId "13503111"]
[WhiteElo "2420"]
[BlackElo "2458"]
[Result "1-0"]
[Round "01"]
[TimeControl "180+2"]
[Date "2023.02.14"]
[WhiteClock "0:00:56"]
[BlackClock "0:00:04"]

1. e4 c6 2. Nc3 d5 3. Nf3 Bg4 4. h3 Bxf3 5. Qxf3 e6 6. Be2 Nf6 7. O-O Be7 8. Rd1 O-O 9. d4 dxe4 10. Nxe4 Nxe4 11. Qxe4 Nd7 12. c4 Nf6 13. Qc2 Qc7 14. Bg5 Rad8 15. Rac1 Rfe8 16. Bf3 Qa5 17. Be3 h6 18. a3 Bf8 19. Bd2 Qc7 20. Bc3 Bd6 21. b4 Bf4 22. Rb1 e5 23. g3 exd4 24. Rxd4 Be5 25. Rxd8 Rxd8 26. Be1 Bd4 27. Rd1 Qxg3+ 28. Bg2 Qe5 29. Kf1 b6 30. Bxc6 g6 31. Bg2 Kg7 32. Qe2 Qf4 33. Bd2 Qf5 34. Be3 Qe5 35. Bxd4 1-0


[Site "https://www.chess.com"]

[Event "Titled Tuesday Blitz February 14 Late 2023"]
[White "Buchenau, Frank"]
[Black "Boros, Denes"]
[WhiteFideId "4604350"]
[BlackFideId "722340"]
[WhiteElo "2222"]
[BlackElo "2406"]
[Result "0-1"]
[Round "01"]
[TimeControl "180+2"]
[Date "2023.02.14"]
[WhiteClock "0:00:04"]
[BlackClock "0:00:12"]

1. e4 g6 2. d4 d5 3. exd5 Qxd5 4. Nc3 Qd8 5. Nf3 Bg7 6. Bc4 a6 7. Be3 Nf6 8. Qd2 b5 9. Bb3 Nc6 10. O-O-O Na5 11. Bh6 O-O 12. Bxg7 Kxg7 13. Ne5 Bb7 14. Qg5 e6 15. Qg3 Qd6 16. h4 b4 17. Na4 Nxb3+ 18. axb3 h5 19. Nc5 Bd5 20. Kb1 a5 21. f3 Ra7 22. Rhe1 a4 23. Nxa4 Rfa8 24. Qf2 Nd7 25. Nd3 Bc6 26. Ndc5 Ra5 27. Qe3 Bxa4 28. Nxa4 Nb6 29. g4 Qc6 30. Kc1 Rxa4 31. bxa4 Nc4 32. Qb3 Rxa4 33. c3 Na5 34. Qc2 bxc3 35. bxc3 Qc4 36. Qe2 Ra1+ 37. Kb2 Qa2# 0-1


[Site "https://www.chess.com"]

[Event "Titled Tuesday Blitz February 14 Late 2023"]
[White "Avinash, Ramesh"]
[Black "Davidson, Kevin"]
[WhiteFideId "45018340"]
[BlackFideId "2056810"]
[WhiteElo "2319"]
[BlackElo "2154"]
[Result "1-0"]
[Round "01"]
[TimeControl "180+2"]
[Date "2023.02.14"]
[WhiteClock "0:01:49"]
[BlackClock "0:00:08"]

1. c4 Nf6 2. Nc3 g6 3. e4 d6 4. g3 Bg7 5. Bg2 O-O 6. Nge2 c5 7. O-O Nc6 8. d3 a6 9. Be3 Rb8 10. a4 Ne8 11. Qd2 Nc7 12. d4 cxd4 13. Nxd4 Ne6 14. Nxe6 Bxe6 15. Nd5 b5 16. cxb5 axb5 17. a5 b4 18. a6 Bxd5 19. exd5 Ne5 20. Rfc1 Qd7 21. a7 Ra8 22. Qxb4 Nd3 23. Qb6 Nxc1 24. Rxc1 Rfc8 25. Rxc8+ Qxc8 26. Qc6 Bxb2 27. Qxc8+ Rxc8 28. Bf1 Ra8 29. Ba6 Bc1 30. Bb6 Ba3 31. Bb7 Bc5 32. Bxc5 1-0


[Site "https://www.chess.com"]

[Event "Titled Tuesday Blitz February 14 Late 2023"]
[White "Manukyan, Artyom"]
[Black "Rustemov, Alexander"]
[WhiteFideId "13305786"]
[BlackFideId "4119002"]
[WhiteElo "2110"]
[BlackElo "2525"]
[Result "1-0"]
[Round "01"]
[TimeControl "180+2"]
[Date "2023.02.14"]
[WhiteClock "0:00:13"]
[BlackClock "0:00:06"]

1. e4 e6 2. d4 d5 3. Bd3 dxe4 4. Bxe4 Nf6 5. Bf3 Be7 6. Ne2 O-O 7. O-O Nbd7 8. Nbc3 e5 9. Re1 Re8 10. Ng3 exd4 11. Qxd4 Bc5 12. Rxe8+ Qxe8 13. Qd1 Ne5 14. Bg5 Be7 15. Qe2 Nxf3+ 16. Qxf3 h6 17. Bf4 c6 18. Re1 Be6 19. Be5 Qd7 20. h3 Rd8 21. Rd1 Qc8 22. Rxd8+ Qxd8 23. Qe3 b6 24. Qf3 Qd7 25. a3 Nd5 26. Nh5 f6 27. Qg3 Bd8 28. Nxd5 Bxd5 29. Bxf6 Bc7 30. Qg6 Qf7 31. Qg4 Be6 32. Qxg7+ Qxg7 33. Nxg7 Ba2 34. Nh5 Bb1 35. c3 Kf7 36. Bd4 Bg6 37. g4 a5 38. Be3 a4 39. Bxh6 Bb1 40. Be3 Ke6 41. f4 Kd5 42. Kf2 Kc4 43. f5 Kb3 44. f6 Bg6 45. Bf4 Bd8 46. g5 Kxb2 47. Bd6 Bxh5 48. Kg3 Kxc3 49. Kh4 Bg6 50. Kg4 Kd4 51. h4 Kd5 52. h5 Bf7 53. Bf8 Ke6 54. Bg7 Kd7 55. g6 Be6+ 56. Kg5 b5 57. h6 b4 58. h7 bxa3 59. h8=Q a2 60. Qh1 Bc7 61. f7 Bd6 62. f8=Q Bxf8 63. Bxf8 Bd5 64. Qa1 Kc7 65. g7 Kb6 66. Ba3 Kb5 67. Bb2 Kc4 68. Kf6 Kb3 69. Ke7 a3 70. Bxa3 Kxa3 71. Kf8 Kb3 72. g8=Q Bxg8 73. Kxg8 c5 74. Kf7 c4 75. Ke6 c3 76. Kd5 c2 77. Kd4 Kb4 78. Kd3 Kb3 79. Kd2 1-0


[Site "https://www.chess.com"]

[Event "Titled Tuesday Blitz February 14 Late 2023"]
[White "Li, Ruifeng"]
[Black "Jovic, Stanoje"]
[WhiteFideId "2061074"]
[BlackFideId "905020"]
[WhiteElo "2541"]
[BlackElo "2075"]
[Result "1-0"]
[Round "01"]
[TimeControl "180+2"]
[Date "2023.02.14"]
[WhiteClock "0:00:07"]
[BlackClock "0:00:01"]

1. b3 Nf6 2. Bb2 e6 3. e3 b6 4. Nf3 Bb7 5. c4 c5 6. Be2 Be7 7. Qc2 Nc6 8. a3 d5 9. g4 d4 10. g5 Nd7 11. Rg1 e5 12. b4 Qc7 13. b5 Nd8 14. d3 Ne6 15. Nbd2 O-O 16. h4 a6 17. a4 axb5 18. cxb5 f5 19. Qb3 Kf7 20. g6+ hxg6 21. h5 g5 22. Rxg5 c4 23. Nxc4 Bxf3 24. Rxf5+ Kg8 25. Rxf3 Nec5 26. Qc2 dxe3 27. Nxe3 Bg5 28. Qc4+ Kh8 29. Nd5 Qd6 30. Rg3 Bh6 31. Rg6 Nf6 32. Ne3 Rfd8 33. Nf5 Qf8 34. Nxh6 gxh6 35. Bxe5 Nd7 36. Rxf6 Nxf6 37. Qe6 Kg7 38. Kd2 Qb4+ 39. Bc3 Qf4+ 40. Kc2 Rac8 41. Rg1+ Kh8 42. Rg6 Rxc3+ 43. Kxc3 Rf8 44. Kc2 Qxa4+ 45. Qb3 Rc8+ 46. Kb2 Qd4+ 47. Kb1 Re8 48. Bd1 Ng8 49. Qb2 Qxb2+ 50. Kxb2 Re5 51. Kc3 Rf5 52. f3 Rxh5 53. f4 Rxb5 54. d4 Ne7 55. Rxh6+ Kg7 56. Rh4 Nd5+ 57. Kc4 Ra5 58. Bf3 Ne3+ 59. Kd3 Nf5 60. Rh3 Kf6 61. Bg4 Ra3+ 62. Kc4 Ra4+ 63. Kb5 Rxd4 64. Rf3 Rd6 65. Rf2 1-0


[Site "https://www.chess.com"]

[Event "Titled Tuesday Blitz February 14 Late 2023"]
[White "Rangel, Daniel"]
[Black "Yuan, Qingyu"]
[WhiteFideId "2124475"]
[BlackFideId "8609772"]
[WhiteElo "2207"]
[BlackElo "2373"]
[Result "0-1"]
[Round "01"]
[TimeControl "180+2"]
[Date "2023.02.14"]
[WhiteClock "0:00:52"]
[BlackClock "0:01:27"]

1. c4 e6 2. g3 d5 3. Bg2 Nf6 4. Nf3 d4 5. O-O Be7 6. b3 Nc6 7. Ba3 O-O 8. Bxe7 Qxe7 9. e3 e5 10. exd4 exd4 11. Re1 Qd6 12. d3 Bf5 13. Nh4 Bg4 14. Bf3 h5 15. Nd2 Rae8 16. Ne4 Nxe4 17. dxe4 Ne5 18. Bxg4 hxg4 19. Qd2 c5 20. Qg5 Re6 21. Kg2 Qe7 22. Qd2 Qf6 23. h3 Nf3 24. Nxf3 Qxf3+ 25. Kg1 gxh3 0-1


[Site "https://www.chess.com"]

[Event "Titled Tuesday Blitz February 14 Late 2023"]
[White "Holt, Conrad"]
[Black "Martic, Ivan"]
[WhiteFideId "2034387"]
[BlackFideId "929301"]
[WhiteElo "2540"]
[BlackElo "2301"]
[Result "1-0"]
[Round "01"]
[TimeControl "180+2"]
[Date "2023.02.14"]
[WhiteClock "0:01:35"]
[BlackClock "0:00:50"]

1. d4 Nf6 2. c4 g6 3. Nc3 Bg7 4. e4 d6 5. Nf3 O-O 6. h3 e5 7. dxe5 dxe5 8. Qxd8 Rxd8 9. Bg5 c6 10. Nxe5 Re8 11. O-O-O Na6 12. Nf3 Nc5 13. e5 Nfd7 14. Be3 Ne6 15. Ne4 Nxe5 16. Nd6 Rd8 17. Be2 a5 18. Ng5 Nxg5 19. Bxg5 f6 20. Be3 a4 21. Bb6 Rf8 22. f4 Bh6 23. g3 a3 24. Kc2 Nf7 25. Nxc8 Rfxc8 26. c5 axb2 27. Bc4 Rf8 28. Rd7 f5 29. Re1 Ra4 30. Bb3 Re4 31. Rxe4 fxe4 32. Kxb2 Bg7+ 33. Kc2 Bf6 34. Bc7 Kg7 35. Bd6 1-0


[Site "https://www.chess.com"]

[Event "Titled Tuesday Blitz February 14 Late 2023"]
[White "Goncalves, Davi Sulzbacher"]
[Black "Acor, Corey"]
[WhiteFideId "2154510"]
[BlackFideId "2024861"]
[WhiteElo "2282"]
[BlackElo "2216"]
[Result "0-1"]
[Round "01"]
[TimeControl "180+2"]
[Date "2023.02.14"]
[WhiteClock "0:00:08"]
[BlackClock "0:00:21"]

1. Nf3 d6 2. g3 g6 3. d4 Bg7 4. Bg2 Nd7 5. O-O e5 6. c4 Ne7 7. Nc3 O-O 8. Qc2 h6 9. Rd1 exd4 10. Nxd4 a6 11. b3 Re8 12. Bb2 Nc5 13. Rac1 Nf5 14. Nf3 Be6 15. e4 Ne7 16. b4 Nd7 17. Nd5 Nxd5 18. cxd5 Bg4 19. Bxg7 Kxg7 20. Qxc7 Qf6 21. Qc3 Ne5 22. Nxe5 Bxd1 23. Rxd1 Qxe5 24. Qxe5+ Rxe5 25. Rc1 Re7 26. f4 a5 27. b5 a4 28. e5 Rd8 29. e6 fxe6 30. dxe6 d5 31. b6 Kf6 32. Bh3 d4 33. Kf2 d3 34. Ke3 Rd6 35. Kd2 Rxb6 36. Kxd3 Rb2 37. Rc2 Rxc2 38. Kxc2 Rc7+ 39. Kb2 b5 40. a3 h5 41. g4 hxg4 42. Bxg4 Rc4 43. Be2 Rxf4 44. Bxb5 Kxe6 45. Kc3 Kd5 46. Be8 g5 47. Bd7 Kd6 48. Bc8 Kc5 49. h3 Rf3+ 50. Kb2 Rf2+ 51. Kc3 Ra2 52. Kd3 Rxa3+ 53. Ke4 Rg3 54. Be6 a3 55. Kf5 Kd4 56. h4 gxh4 57. Kf4 Kc3 58. Bb3 Kb2 59. Bc2 a2 60. Bb1 a1=Q 61. Kf5 Qxb1+ 62. Ke6 Qf1 63. Kd5 Re3 64. Kc5 Qd3 65. Kb4 Re4+ 66. Ka5 Qd5+ 67. Kb6 Re6+ 68. Ka7 Qd7+ 69. Kb8 Re8# 0-1


[Site "https://www.chess.com"]